 Dungeon Crawl Stone Soup version 0.18.1-50-g88ac8fd (webtiles) character file.

10625 Dustbunny the Blocker (level 11, 0/148 HPs)
             Began as a Minotaur Fighter on Nov 16, 2016.
             Was a Believer of Elyvilon.
             Engulfed by a cloud of flame (4 damage)
             ... on level 11 of the Dungeon.
             The game lasted 00:37:55 (11518 turns).

Dustbunny the Blocker (Minotaur Fighter)           Turns: 11518, Time: 00:37:56

Health: 0/148      AC: 26    Str: 24 (27) XL:     11   Next: 38%
Magic:  10/10      EV:  2    Int: 11 (13) God:    Elyvilon [**....]
Gold:   632        SH: 15    Dex: 14 (15) Spells: 0 memorised, 10 levels left

rFire  . . .     SeeInvis +     D - +3 war axe (freeze)
rCold  . . .     Gourm    .     (armour currently unavailable)
rNeg   + + +     Faith    .     n - +2 shield
rPois  +         Spirit   .     (helmet currently unavailable)
rElec  .         Dismiss  .     (cloak currently unavailable)
rCorr  +         Reflect  .     (gloves currently unavailable)
SustAt .         Harm     .     (boots currently unavailable)
MR     .....     NoTele   +     (no amulet)
Stlth  +++.......               q - +1 ring of protection
                                C - ring "Uddiath" {rCorr Str+4 Int+3 Slay+4 SInv}

@: brilliant, agile, tree-form, hasted, very quick, not resistant to hostile
enchantments, fairly stealthy
A: (retaliatory headbutt), (horns 0), (icy blue scales 0), rough black scales 1,
wild magic 1
a: Lesser Healing, Heal Other, Divine Protection, Renounce Religion


You were on level 11 of the Dungeon.
You worshipped Elyvilon.
Elyvilon was pleased with you.
You were not hungry.
You were a tree.
You visited 2 branches of the dungeon, and saw 11 of its levels.

You collected 632 gold pieces.

Inventory:

Hand Weapons
 a - a +0 war axe
 D - a +3 war axe of freezing (weapon)
 R - a +0 shortbow
Missiles
 k - 285 arrows
 u - 33 poisoned needles
 x - 20 tomahawks (quivered)
Armour
 h - a +0 pair of gloves (melded)
 j - a +0 cloak (melded)
 n - a +2 shield (worn)
 I - a +0 chain mail (melded)
Magical Staves
 G - an uncursed staff of earth {unknown}
Jewellery
 q - a +1 ring of protection (right branch)
 s - an uncursed ring of resist corrosion
 C - the ring "Uddiath" (left branch) {rCorr Str+4 Int+3 Slay+4 SInv}
   (You found it on level 4 of the Dungeon)

   [ring of resist corrosion]

   It affects your strength (+4).
   It affects your intelligence (+3).
   It affects your accuracy and damage with ranged weapons and melee attacks
   (+4).
   It lets you see invisible.
Wands
 b - a wand of acid (5/15)
 g - a wand of polymorph (11/24)
 r - a wand of paralysis (11/24)
 L - a wand of iceblast (8/15)
 O - a wand of acid (5/15)
 P - a wand of lightning (4/15)
Scrolls
 e - 4 scrolls of remove curse
 f - a scroll of immolation
 i - 10 scrolls of identify
 l - 4 scrolls of teleportation
 v - a scroll of amnesia
 y - a scroll of fog
Potions
 d - 3 potions of might
 B - 2 potions of lignification
 E - a potion of mutation
 J - 3 potions of brilliance
 K - a potion of haste
Books
 m - Sif Muna's Incunabulum of Scorching Clay
   (You found it on level 9 of the Dungeon)

   Spells                             Type                      Level
   a - Flame Tongue                   Conjuration/Fire             1
   b - Bolt of Fire                   Conjuration/Fire             6
   c - Iron Shot                      Conjuration/Earth            6
   d - Ring of Flames                 Charms/Fire                  7
 o - Zodao's Disquisition on Ensnaring Weightlessness
   (You found it on level 9 of the Dungeon)

   Spells                             Type                      Level
   a - Repel Missiles                 Charms/Air                   2
   b - Static Discharge               Conjuration/Air              3
   c - Conjure Ball Lightning         Conjuration/Air              6
   d - Invisibility                   Hexes                        6
Comestibles
 z - 7 bread rations
 S - a meat ration


   Skills:
 + Level 9.7 Fighting
 + Level 10.8 Axes
 + Level 10.7 Armour
 + Level 7.0 Dodging
 + Level 1.0 Stealth
 + Level 10.9 Shields


You had 10 spell levels left.
You didn't know any spells.

Dungeon Overview and Level Annotations

Branches:
Dungeon (11/15)            Temple (1/1) D:6            Lair (0/8) D:9
    Orc (0/2) D:9

Altars:
Ashenzari
Cheibriados
Dithmenos
Elyvilon
Fedhas
Gozag
Kikubaaqudgha
Makhleb
Nemelex Xobeh
Okawaru
Pakellas
Qazlal
Ru
Sif Muna
Trog
Vehumet
Xom
Yredelemnul
Zin
The Shining One

Shops:
D:6 [(   D:10 *


Innate Abilities, Weirdness & Mutations

((You reflexively headbutt those who attack you in melee.))
((You have a pair of horns on your head.))
((You are partially covered in icy blue scales (AC +1).))
(You are partially covered in rough black scales (AC +4, Dex -1).)
Your spells are a little harder to cast, but a little more powerful.


Message History

* * * LOW HITPOINT WARNING * * *
You are engulfed in roaring flames.
* * * LOW HITPOINT WARNING * * *
You are engulfed in roaring flames.
You feel less invigorated.
You feel less confused.
You are engulfed in roaring flames.
A shadow comes into view.
You are engulfed in roaring flames.
* * * LOW HITPOINT WARNING * * *
You are engulfed in roaring flames.
* * * LOW HITPOINT WARNING * * *
The shadow moves out of view.
Drink which item? (? for menu, Esc to quit)
It was a potion of brilliance.
You feel clever all of a sudden.
You are engulfed in roaring flames.
Drink which item? (? for menu, Esc to quit)
It was a potion of haste.
You feel yourself speed up.
You are engulfed in roaring flames.
You die...

..#......#÷###.#.##.#####..
..........................#
..#.....##.................
#....###.##.##.##.#####.#
#.#.## #.##.##.##.......#
#... ..##.##.##.#####.#
###. .........##.# #.
.##.##.#####.# ####
#......♣§§?####...
####...§§.........
###############


There were no monsters in sight!

Vanquished Creatures
  Fannar (D:11)
  2 centaur warriors (D:9)
  2 hill giants (D:10)
  The ghost of yuiikari the Covered, a novice GrGl (D:7)
  2 ugly things
  Joseph (D:10)
  A centaur zombie (D:11)
  A kobold demonologist (D:10)
  A tengu conjurer (D:9)
  2 trolls
  2 two-headed ogres (D:10)
  Grinder (D:6)
  A spriggan (D:7)
  4 yaks (D:10)
  A soldier ant (D:9)
  2 water moccasins
  An ice beast (D:7)
  3 orc warriors
  A wasp (D:9)
  3 centaurs
  4 giant frogs
  A gnoll sergeant (D:9)
  2 scorpions
  6 killer bees (D:9)
  4 howler monkeys
  3 wights (D:9)
  4 crimson imps
  A jelly (D:9)
  A giant frog zombie (D:5)
  4 hounds
  6 orc priests
  A giant frog skeleton (D:9)
  3 iguanas
  5 orc wizards
  3 centaur skeletons
  Natasha (thrice) (D:3)
  3 worker ants
  A hound skeleton (D:4)
  2 worker ant zombies (D:7)
  8 gnolls (D:9)
  13 adders
  A shadow imp (D:9)
  An ooze (D:1)
  2 adder skeletons
  6 giant geckos
  37 orcs
  11 bats
  2 giant cockroaches
  5 goblins
  6 hobgoblins
  8 jackals
  5 kobolds
  5 quokkas
  4 giant newts
  A quokka skeleton (D:3)
  10 rats
215 creatures vanquished.

Notes
Turn   | Place    | Note
--------------------------------------------------------------
     0 | D:1      | Dustbunny the Minotaur Fighter began the quest for the Orb.
     0 | D:1      | Reached XP level 1. HP: 19/19 MP: 0/0
    82 | D:1      | Reached XP level 2. HP: 19/27 MP: 1/1
   831 | D:2      | Reached XP level 3. HP: 33/33 MP: 2/2
  1000 | D:2      | Reached skill level 1 in Dodging
  1241 | D:2      | Found an opulent altar of Gozag.
  1321 | D:2      | Found a glowing golden altar of the Shining One.
  1373 | D:2      | Found a basalt altar of Yredelemnul.
  1376 | D:2      | Found a bloodstained altar of Trog.
  1378 | D:2      | Found a sacrificial altar of Ru.
  1380 | D:2      | Found an iron altar of Okawaru.
  1381 | D:2      | Found a shattered altar of Ashenzari.
  1790 | D:3      | Reached XP level 4. HP: 29/40 MP: 3/3
  1913 | D:3      | Reached XP level 5. HP: 46/46 MP: 4/4
  2114 | D:3      | Noticed Natasha
  2127 | D:3      | Killed Natasha
  2376 | D:3      | Noticed Natasha
  2386 | D:3      | Killed Natasha
  2386 | D:3      | Reached skill level 5 in Shields
  2492 | D:3      | Noticed Natasha
  2509 | D:3      | Killed Natasha
  2677 | D:3      | Reached skill level 5 in Armour
  2677 | D:3      | Reached XP level 6. HP: 49/53 MP: 5/5
  4976 | D:4      | Got a slimy turquoise ring
  4977 | D:4      | Identified the ring "Uddiath" {rCorr Str+4 Int+3 Slay+4 SInv} (You found it on level 4 of the Dungeon)
  5140 | D:4      | Reached skill level 1 in Stealth
  5338 | D:5      | Entered Level 5 of the Dungeon
  5429 | D:5      | Reached XP level 7. HP: 58/60 MP: 6/6
  6006 | D:6      | Found a staircase to the Ecumenical Temple.
  6033 | Temple   | Entered the Ecumenical Temple
  6157 | Temple   | Became a worshipper of Elyvilon the Healer
  6276 | D:6      | Reached skill level 5 in Fighting
  6352 | D:6      | Found Raexzowe's Antique Armour Shop.
  6382 | D:6      | Found a shadowy altar of Dithmenos.
  6598 | D:6      | Reached XP level 8. HP: 66/68 MP: 7/7
  6647 | D:6      | Reached skill level 5 in Axes
  6846 | D:6      | Reached * piety under Elyvilon
  6860 | D:6      | Found Xoezuyfe's Antique Weapon Shop.
  7036 | D:6      | Noticed Grinder
  7051 | D:6      | Paralysed by Grinder for 7 turns
  7062 | D:6      | Killed Grinder
  7684 | D:7      | Noticed yuiikari's ghost (novice GrGl)
  7706 | D:7      | Killed yuiikari's ghost
  7706 | D:7      | Reached XP level 9. HP: 28/78 MP: 8/8
  8195 | D:7      | Reached skill level 5 in Dodging
  8398 | D:7      | You fall through a shaft for 2 floors!
  8398 | D:9      | Noticed a tengu conjurer
  8404 | D:9      | Killed a tengu conjurer
  8413 | D:9      | Identified Sif Muna's Incunabulum of Scorching Clay
  8596 | D:9      | Found a staircase to the Lair.
  8625 | D:9      | Noticed a centaur warrior
  8632 | D:9      | Killed a centaur warrior
  8730 | D:9      | Reached XP level 10. HP: 82/88 MP: 9/9
  8763 | D:9      | Noticed a centaur warrior
  8770 | D:9      | Killed a centaur warrior
  9028 | D:9      | Found a staircase to the Orcish Mines.
  9282 | D:9      | Identified Zodao's Disquisition on Ensnaring Weightlessness
  9337 | D:10     | Entered Level 10 of the Dungeon
  9337 | D:10     | Reached ** piety under Elyvilon
  9394 | D:10     | Noticed a red ugly thing
  9411 | D:10     | Killed a red ugly thing
  9760 | D:10     | Found Behutteamyh's Assorted Antiques.
  9865 | D:10     | Noticed an orange demon
  9868 | D:10     | Reached skill level 10 in Armour
  9868 | D:10     | Reached skill level 10 in Shields
  9879 | D:10     | Noticed a hill giant
 10280 | D:10     | Noticed Joseph
 10299 | D:10     | Killed Joseph
 10313 | D:10     | Reached skill level 10 in Axes
 10499 | D:10     | Noticed a hill giant
 10531 | D:10     | Killed a hill giant
 10531 | D:10     | Reached XP level 11. HP: 50/97 MP: 10/10
 10879 | D:10     | Killed a hill giant
 11157 | D:11     | Noticed a green ugly thing
 11168 | D:11     | Killed a green ugly thing
 11466 | D:11     | Noticed Fannar
 11508 | D:11     | Killed Fannar
 11509 | D:11     | Gained mutation: You are partially covered in icy blue scales (AC +1). [potion of mutation]
 11509 | D:11     | Gained mutation: You are partially covered in rough black scales (AC +4, Dex -1). [potion of mutation]
 11509 | D:11     | Gained mutation: Your spells are a little harder to cast, but a little more powerful. [potion of mutation]
 11516 | D:11     | HP: 3/148 [cloud of flame (10)]
 11518 | D:11     | Engulfed by a cloud of flame

Skill      XL: |  1  2  3  4  5  6  7  8  9 10 11 |
---------------+----------------------------------+-----
Armour         | 4 5 6 8 9 10 | 10.7
Shields        | 4 5 6 7 9 10 | 10.9
Fighting       | 4 5 6 7 9 |  9.7
Dodging        | 1 2 3 4 5 6 7 |  7.0
Axes           | 3 4 6 8 10 | 10.8
Stealth        | 1 |  1.0

Action                   |  1- 3 |  4- 6 |  7- 9 | 10-12 || total
-------------------------+-------+-------+-------+-------++-------
Melee: War axe           |   130 |   123 |   161 |   150 ||   564
       Headbutt          |    18 |    22 |    37 |    32 ||   109
Throw: Tomahawk          |       |       |       |     1 ||     1
  Use: Potion            |       |       |     2 |    18 ||    20
       Scroll            |       |       |     1 |    11 ||    12
  Eat: Bread ration      |     1 |     2 |       |       ||     3
       Fruit             |       |     1 |     4 |       ||     5
       Pizza             |       |       |     1 |     2 ||     3
       Meat ration       |       |       |     1 |       ||     1
       Royal jelly       |       |       |       |     2 ||     2
       Beef jerky        |       |       |       |     2 ||     2
Armor: Scale mail        |    86 |    46 |       |       ||   132
       Chain mail        |       |     2 |    74 |    78 ||   154
       Skin              |       |       |       |     7 ||     7
Dodge: Dodged            |    56 |    48 |    46 |    50 ||   200
Block: Shield            |    84 |    69 |   115 |   142 ||   410
